 Dungeon Crawl Stone Soup version 0.19.0-2-gae57169 (webtiles) character file.

8193 lorenzova the Jinx (level 11, -2/46 (47) HPs)
             Began as a Spriggan Enchanter on Nov 3, 2016.
             Was a Priest of Dithmenos.
             Slain by a hill giant
             ... wielding a +0 giant spiked club
              (23 damage)
             ... on level 11 of the Dungeon on Nov 4, 2016.
             The game lasted 00:26:05 (11355 turns).

lorenzova the Jinx (Spriggan Enchanter)            Turns: 11355, Time: 00:26:06

HP:   -2/46 (47)    AC:  7    Str:  5    XL:     11   Next: 6%
MP:   27/27         EV: 24    Int: 22    God:    Dithmenos [***...]
Gold: 554           SH:  0    Dex: 21    Spells: 5 memorised, 23 levels left

rFire  + . .     SeeInvis +     R - +1 short sword (drain)
rCold  + . .     Gourm    .     I - +2 robe
rNeg   . . .     Faith    .     (shield restricted)
rPois  .         Spirit   .     v - +2 hat
rElec  .         Reflect  .     O - +0 cloak of Mezcal {rC+ Int+5 Dex+2} (curse)
rCorr  +         Harm     .     (gloves unavailable)
MR     +....                    (boots unavailable)
Stlth  ++++++++..               (no amulet)
                                q - ring of protection from fire
                                n - ring of resist corrosion

@: wreathed by umbra, repel missiles, very quick
A: unfitting armour, see invisible, herbivore 3, speed 3, slow metabolism 2
a: Shadow Step, Renounce Religion


You were on level 11 of the Dungeon.
You worshipped Dithmenos.
Dithmenos was most pleased with you.
You were very hungry.

You visited 1 branch of the dungeon, and saw 11 of its levels.

You collected 554 gold pieces.

Inventory:

Hand Weapons
 R - a +1 short sword of draining (weapon)
Armour
 v - a +2 hat (worn)
 y - a +0 cloak
 I - a +2 robe (worn)
 O - the cursed +0 cloak of Mezcal (worn) {rC+ Int+5 Dex+2}
   (You found it on level 10 of the Dungeon)

   It affects your intelligence (+5).
   It affects your dexterity (+2).
   It protects you from cold.
   It has a curse placed upon it.
Jewellery
 n - a ring of resist corrosion (left hand)
 p - an uncursed ring of flight
 q - a ring of protection from fire (right hand)
 L - an uncursed ring of ice
 P - an uncursed ring of stealth
Wands
 B - a wand of slowing (34/48)
 J - a wand of slowing (22/48)
 M - a wand of enslavement (14/24)
 N - a wand of paralysis (7/24)
 Q - a wand of iceblast (10/15)
Scrolls
 a - a scroll of vulnerability {unknown}
 e - 3 scrolls of magic mapping {unknown}
 f - 3 scrolls of recharging
 g - 2 scrolls of immolation {unknown}
 h - 3 scrolls of remove curse
 k - a scroll of blinking {unknown}
 o - 2 scrolls of fog {unknown}
 z - 2 scrolls of noise {unknown}
 D - a scroll of random uselessness {unknown}
 E - 2 scrolls of teleportation {unknown}
Potions
 b - a potion of cure mutation
 i - 9 potions of curing
 j - 4 potions of flight
 l - a potion of cancellation
 m - 3 potions of brilliance
 r - a potion of degeneration
 t - 5 potions of might {unknown}
 u - 2 potions of lignification {unknown}
 w - a potion of magic {unknown}
 A - 4 potions of heal wounds {unknown}
 F - 2 potions of agility {unknown}
Books
 c - a book of Maledictions

   Spells                             Type                      Level
   a - Corona                         Hexes                        1
   b - Ensorcelled Hibernation        Hexes/Ice                    2
   c - Confuse                        Hexes                        3
   d - Tukima's Dance                 Hexes                        3
   e - Dazzling Spray                 Conjuration/Hexes            3
 C - a book of Cantrips

   Spells                             Type                      Level
   a - Confusing Touch                Hexes                        1
   b - Animate Skeleton               Necromancy                   1
   c - Summon Small Mammal            Summoning                    1
   d - Apportation                    Translocation                1
 G - a book of Frost

   Spells                             Type                      Level
   a - Freeze                         Ice                          1
   b - Throw Frost                    Conjuration/Ice              2
   c - Ozocubu's Armour               Charms/Ice                   3
   d - Throw Icicle                   Conjuration/Ice              4
   e - Summon Ice Beast               Ice/Summoning                4
 K - a book of Minor Magic

   Spells                             Type                      Level
   a - Magic Dart                     Conjuration                  1
   b - Blink                          Translocation                2
   c - Call Imp                       Summoning                    2
   d - Repel Missiles                 Charms/Air                   2
   e - Slow                           Hexes                        2
   f - Conjure Flame                  Conjuration/Fire             3
   g - Mephitic Cloud                 Conjuration/Poison/Air       3
Comestibles
 d - 7 bread rations
 s - 2 royal jellies
 H - 8 slices of pizza


   Skills:
 - Level 1.1 Short Blades
 + Level 7.6 Dodging
 + Level 11.9 Stealth
 * Level 11.7 Spellcasting
 * Level 12.3 Hexes
 + Level 3.2 Charms
 + Level 0.4 Translocations
 * Level 3.2 Air Magic


You had 23 spell levels left.
You knew the following spells:

 Your Spells              Type           Power        Failure   Level  Hunger
a - Corona                Hex            ######.      1%          1    None
b - Ensorcelled Hibernat  Hex/Ice        #####.       1%          2    None
c - Confuse               Hex            ######..     1%          3    None
h - Repel Missiles        Chrm/Air       ####..       1%          2    None
p - Blink                 Tloc           N/A          10%         2    None


Dungeon Overview and Level Annotations

Branches:
Dungeon (11/15)            Temple (0/1) D:6             Orc (0/2) D:9
   Lair: D:8-11

Altars:
Dithmenos
Ru


Innate Abilities, Weirdness & Mutations

You are very small and have problems with some larger weapons.
You are too small for most types of armour.
You have supernaturally acute eyesight. (SInv)
You are a herbivore.
You cover ground extremely quickly.
You need consume almost no food.


Message History

The helpless hill giant fails to defend itself.
You spit the hill giant like a pig!!!
The hill giant is severely wounded.
The hill giant misses you.
You hit the hill giant. You drain the hill giant!
The hill giant is severely wounded.
The hill giant hits you with a giant spiked club!!
Ouch! That really hurt!
You emit a cloud of dark smoke.
You hit the hill giant but do no damage.
The hill giant is severely wounded.
The hill giant closely misses you.
You hit the hill giant.
The hill giant is severely wounded.
You hit the hill giant but do no damage.
You drain the hill giant!
The hill giant is almost dead.
The hill giant hits you with a giant spiked club!!
Ouch! That really hurt!
You die...

#....###..##### #####
#....##.......###....
#....##..##.........#
#.......#.####...####
#..####.##..J#####
#..#§§...#..Cy....
#..#§§§..#..#.T...
#.§§§§§..##la #### #
#..#@§§...#.C# #
#).#C§§...#..# #
#..#§§....#..# #
#.(##+#..##..# #
...... ..# ..........
.# .............##
...........#.#
##.........# #


You could see a hill giant.

Vanquished Creatures
  An unseen horror (D:10)
  The ghost of Shufflesack the Martial Artist, a novice OpTm of Uskayaw (D:7)
  Pikel (D:7)
  A hill giant (D:9)
  A cyclops (D:11)
  An ugly thing (D:6)
  A troll (D:10)
  A two-headed ogre (D:11)
  A hippogriff (D:10)
  A shadow (D:11)
  5 yaks (D:9)
  A water moccasin (D:9)
  Duvessa (D:5)
  3 orc warriors
  A black bear (D:7)
  A sky beast (D:5)
  A slave (D:7)
  A necrophage (D:5)
  An eye of draining (D:10)
  7 centaurs
  3 ogres
  A crocodile (D:7)
  6 bullfrogs
  A wyvern zombie (D:10)
  Dowan (D:5)
  2 scorpions
  5 howler monkeys
  3 wights (D:7)
  2 crimson imps
  A bullfrog zombie (D:6)
  2 quasits
  2 jellies
  7 orc priests
  2 gnoll shamans
  4 hounds
  8 orc wizards
  A bullfrog skeleton (D:10)
  A centaur skeleton (D:8)
  4 iguanas
  8 worker ants
  A killer bee zombie (D:6)
  Robin (D:3)
  9 gnolls
  12 adders
  A shadow imp (D:5)
  2 oozes (D:1)
  3 adder skeletons
  4 worms
  A dart slug (D:1)
  6 leopard geckos
  35 orcs
  8 giant cockroaches
  10 goblins
  6 hobgoblins
  12 jackals
  4 kobolds
  3 quokkas
  9 bats
  5 frilled lizards
  8 rats
236 creatures vanquished.

Vanquished Creatures (others)
  A water moccasin skeleton (D:7)
  An orc (D:7)
  A fungus (D:3)
  4 plants (D:3)
7 creatures vanquished.

Grand Total: 243 creatures vanquished

Notes
Turn   | Place    | Note
-------+----------+-------------------------------------------
     0 | D:1      | lorenzova the Spriggan Enchanter began the quest for the Orb.
     0 | D:1      | Reached XP level 1. HP: 9/9 MP: 5/5
     1 | D:1      | Found a runed door.
   648 | D:1      | Reached skill level 5 in Stealth
   648 | D:1      | Reached XP level 2. HP: 13/13 MP: 7/7
   652 | D:1      | Learned a level 2 spell: Ensorcelled Hibernation
  1131 | D:1      | Reached skill level 4 in Hexes
  1185 | D:1      | Reached XP level 3. HP: 9/16 MP: 2/8
  1587 | D:2      | Reached XP level 4. HP: 13/21 MP: 5/10
  2301 | D:3      | Found a sacrificial altar of Ru.
  2317 | D:3      | Noticed a centaur
  2326 | D:3      | Killed a centaur
  2326 | D:3      | Reached skill level 5 in Hexes
  2326 | D:3      | Reached XP level 5. HP: 22/24 MP: 5/12
  2379 | D:3      | Learned a level 3 spell: Confuse
  2448 | D:3      | Noticed Robin
  2796 | D:3      | Killed Robin
  3313 | D:4      | Reached skill level 5 in Spellcasting
  3314 | D:4      | Noticed an ogre
  3328 | D:4      | Killed an ogre
  3328 | D:4      | Reached XP level 6. HP: 28/28 MP: 5/15
  3466 | D:3      | Reached skill level 6 in Hexes
  4793 | D:5      | Entered Level 5 of the Dungeon
  4798 | D:5      | Found a shadowy altar of Dithmenos.
  4803 | D:5      | Reached XP level 7. HP: 32/32 MP: 15/17
  4806 | D:5      | Became a worshipper of Dithmenos the Shadowed
  5019 | D:5      | Reached skill level 7 in Hexes
  5564 | D:5      | Noticed Duvessa
  5566 | D:5      | Noticed Dowan
  5909 | D:5      | Killed Duvessa
  5909 | D:5      | Reached XP level 8. HP: 35/35 MP: 12/20
  6293 | D:5      | Killed Dowan
  6293 | D:5      | Reached skill level 8 in Hexes
  6705 | D:6      | Reached * piety under Dithmenos
  6950 | D:6      | Found a staircase to the Ecumenical Temple.
  7026 | D:6      | Noticed a cyan ugly thing
  7474 | D:6      | Reached skill level 9 in Hexes
  7583 | D:6      | Killed a cyan ugly thing
  7784 | D:7      | Reached XP level 9. HP: 36/38 MP: 15/23
  7972 | D:7      | Reached skill level 10 in Stealth
  7972 | D:7      | Reached skill level 10 in Hexes
  8079 | D:7      | Noticed Pikel
  8093 | D:7      | Killed Pikel
  8098 | D:7      | Reached ** piety under Dithmenos
  8137 | D:7      | Noticed Shufflesack's ghost (novice OpTm)
  8300 | D:7      | Killed Shufflesack's ghost
  8300 | D:7      | Reached skill level 5 in Dodging
  8300 | D:7      | Reached skill level 10 in Spellcasting
  8888 | D:8      | Reached skill level 11 in Hexes
  9040 | D:8      | Reached XP level 10. HP: 43/43 MP: 11/25
  9138 | D:8      | Reached *** piety under Dithmenos
  9566 | D:9      | Noticed a hill giant
  9577 | D:9      | Killed a hill giant
  9587 | D:9      | Learned a level 2 spell: Repel Missiles
  9590 | D:9      | Learned a level 2 spell: Blink
  9715 | D:9      | Found a staircase to the Orcish Mines.
  9727 | D:9      | Reached skill level 1 in Charms
  9733 | D:9      | Reached skill level 1 in Air Magic
 10280 | D:10     | Entered Level 10 of the Dungeon
 10596 | D:10     | Noticed an unseen horror
 10605 | D:10     | Killed an unseen horror
 10656 | D:10     | Got an ancient cloak
 10667 | D:10     | Identified the cursed +0 cloak of Mezcal {rC+ Int+5 Dex+2} (You found it on level 10 of the Dungeon)
 10797 | D:10     | Reached skill level 12 in Hexes
 11261 | D:11     | Reached XP level 11. HP: 46/46 MP: 27/27
 11285 | D:11     | Noticed a hill giant
 11286 | D:11     | Noticed a hill giant
 11355 | D:11     | Slain by a hill giant

Skill      XL: |  1  2  3  4  5  6  7  8  9 10 |
---------------+-------------------------------+-----
Spellcasting   | 3 4 5 6 7 9 10 11 | 11.7
Stealth        | 5 6 7 8 9 11 | 11.9
Hexes          | 4 5 6 7 9 11 12 | 12.3
Dodging        | 5 7 |  7.6
Charms         | 3 |  3.2
Air Magic      | 3 |  3.2
Short Blades   | |  1.1
Translocations | |  0.4

Action                   |  1- 3 |  4- 6 |  7- 9 | 10-12 || total
-------------------------+-------+-------+-------+-------++-------
Melee: Dagger            |   165 |   221 |   330 |   105 ||   821
       Short sword       |       |       |       |    20 ||    20
 Cast: Corona            |     4 |       |       |       ||     4
       Ensorcelled Hiber |    12 |    48 |    53 |    24 ||   137
       Confuse           |       |     9 |    69 |    11 ||    89
       Repel Missiles    |       |       |       |     1 ||     1
  Use: Scroll            |       |     2 |       |     5 ||     7
       Potion            |       |     1 |       |       ||     1
 Stab: Sleeping          |    14 |    32 |    48 |    42 ||   136
       Distracted        |     1 |     1 |       |       ||     2
       Confused          |       |     5 |    38 |    11 ||    54
  Eat: Fruit             |       |     2 |     5 |       ||     7
       Pizza             |       |       |     2 |       ||     2
Armor: Robe              |    28 |    41 |    24 |     6 ||    99
Dodge: Dodged            |   146 |   189 |   137 |    83 ||   555
